PCL
OMAHA STORM CHASERS @ NEW ORLEANS ZEPHYRS
08/28/2098
 
TOP OF THE 1ST
Omaha Storm Chasers batting - Pitching for New Orleans Zephyrs : RHP Adam Jones
Pitching: RHP Adam Jones
Batting: RHB David Bazley 0-0: Ball
1-0: Ball
2-0: Foul Ball, location: 9LMF
2-1: Foul Ball, location: 23F
2-2: Strikes out swinging
Batting: RHB Bobby Sells 0-0: Foul Ball, location: 2F
0-1: Ball
1-1: Foul Ball, location: 2F
1-2: Ball
2-2: Ground out 4-3 (Groundball, 4, EV 88.8 MPH)
Batting: RHB Travis Bernsen 0-0: Called Strike
0-1: Called Strike
0-2: SINGLE (Line Drive, 6D, EV 98.8 MPH)
Batting: LHB Marquis Newkirk 0-0: Ball
1-0: SINGLE (Line Drive, 9S, EV 91.9 MPH)
Travis Bernsen to second
Runner from 2nd tries for 3rd, SAFE, no throw by RF
Batting: RHB Jayden Oden 0-0: Called Strike
0-1: Ball
1-1: Ball
2-1: Ball
3-1: Called Strike
3-2: SINGLE (Line Drive, 89M, EV 106.9 MPH)
Travis Bernsen scores
Marquis Newkirk to second
Marquis Newkirk to third
Batting: LHB Dustin McCoy 0-0: Ball
1-0: Called Strike
1-1: Foul Ball, location: 7LMF
1-2: SINGLE (Groundball, 4MS, EV 69.4 MPH) (infield hit)
Marquis Newkirk scores
Jayden Oden to second
Batting: RHB Trent Poynter 0-0: Ground out 1-3 (Groundball, 15S, EV 66.3 MPH)
Top of the 1st over - 2 runs, 4 hits, 0 errors, 2 left on base; Omaha 2 - New Orleans 0
BOTTOM OF THE 1ST
New Orleans Zephyrs batting - Pitching for Omaha Storm Chasers : RHP Nate Wagner
Pitching: RHP Nate Wagner
Batting: LHB Moises Aguirre 0-0: Called Strike
0-1: Ground out U3 (Groundball, 34S, EV 90.6 MPH)
Batting: RHB Eric DiFazio 0-0: Ball
1-0: Ball
2-0: Ball
3-0: Base on Balls
Batting: RHB Willie Amaro 0-0: SINGLE (Groundball, 34D, EV 103.1 MPH)
Eric DiFazio to second
Runner from 2nd tries for 3rd, SAFE, no throw by RF
Batting: RHB Justin McGuire 0-0: Ball
Willie Amaro steals 2nd base
1-0: Swinging Strike
1-1: Fly out, F7 (Flyball, 78S, EV 90.6 MPH)
Batting: LHB John Casco 0-0: Ball
1-0: Called Strike
1-1: Ball
2-1: SINGLE (Line Drive, 9S, EV 97.5 MPH)
Eric DiFazio scores
Willie Amaro to third
Runner from 3rd tries for Home, SAFE, throw by RF to home
Batting: LHB Jason Strong 0-0: Fly out, F8 (Flyball, 8LXD, EV 93.8 MPH)
Bottom of the 1st over - 2 runs, 2 hits, 0 errors, 1 left on base; Omaha 2 - New Orleans 2
TOP OF THE 2ND
Omaha Storm Chasers batting - Pitching for New Orleans Zephyrs : RHP Adam Jones
Batting: RHB Tom Turnage 0-0: Foul Ball, location: 9LSF
0-1: Ball
1-1: DOUBLE (Flyball, 8LXD, EV 106.3 MPH)
Batting: SHB Brad Elliott 0-0: Called Strike
0-1: Foul Ball, location: 3DF
0-2: Fly out, F5 (Popup, 56, EV 78.1 MPH)
Batting: RHB David Bazley 0-0: Called Strike
0-1: Called Strike
0-2: Foul Ball, location: 23F
0-2: Foul Ball, location: 9LDF
0-2: Ground out 6-3 (Groundball, 4MD, EV 86.3 MPH)
Tom Turnage to third
Batting: RHB Bobby Sells 0-0: Called Strike
0-1: Ball
1-1: Swinging Strike
1-2: Foul Ball, location: 2LF
1-2: Ball
2-2: Ball
3-2: Foul Ball, location: 25FF
3-2: Ground out 5-3 (Groundball, 56S, EV 80.0 MPH)
Top of the 2nd over - 0 runs, 1 hit, 0 errors, 1 left on base; Omaha 2 - New Orleans 2
BOTTOM OF THE 2ND
New Orleans Zephyrs batting - Pitching for Omaha Storm Chasers : RHP Nate Wagner
Batting: RHB Jose Alegria 0-0: Called Strike
0-1: Swinging Strike
0-2: Ball
1-2: Ball
2-2: Ball
3-2: Foul Ball, location: 5F
3-2: Foul Ball, location: 9LDF
3-2: Ground out 5-3 (Groundball, 56, EV 81.9 MPH)
Batting: RHB Tyler Ebert 0-0: Ball
1-0: Foul Ball, location: 5FF
1-1: Swinging Strike
1-2: Foul Ball, location: 9LMF
1-2: Foul Ball, location: 5FF
1-2: Fly out, F6 (Popup, 6, EV 64.4 MPH)
Batting: RHB Bobby Palomo 0-0: Ball
1-0: Ball
2-0: Fly out, F9 (Flyball, 9D, EV 98.8 MPH)
Bottom of the 2nd over - 0 runs, 0 hits, 0 errors, 0 left on base; Omaha 2 - New Orleans 2
TOP OF THE 3RD
Omaha Storm Chasers batting - Pitching for New Orleans Zephyrs : RHP Adam Jones
Batting: RHB Travis Bernsen 0-0: Swinging Strike
0-1: Ball
1-1: Swinging Strike
1-2: Ground out 6-3 (Groundball, 56, EV 76.9 MPH)
Batting: LHB Marquis Newkirk 0-0: Ball
1-0: Swinging Strike
1-1: SINGLE (Line Drive, 34D, EV 96.9 MPH)
Batting: RHB Jayden Oden 0-0: Foul Ball, location: 9LMF
0-1: Ball
1-1: Called Strike
1-2: Grounds into double play, 6-4-3 (Groundball, 6, EV 88.8 MPH)
Top of the 3rd over - 0 runs, 1 hit, 0 errors, 0 left on base; Omaha 2 - New Orleans 2
BOTTOM OF THE 3RD
New Orleans Zephyrs batting - Pitching for Omaha Storm Chasers : RHP Nate Wagner
Batting: LHB Moises Aguirre 0-0: Called Strike
0-1: Ground out U3 (Groundball, 23, EV 86.9 MPH)
Batting: RHB Eric DiFazio 0-0: Ball
1-0: Fly out, F6 (Popup, P, EV 82.5 MPH)
Batting: RHB Willie Amaro 0-0: Called Strike
0-1: Ball
1-1: Called Strike
1-2: Foul Ball, location: 9LMF
1-2: Ball
2-2: Foul Ball, location: 9LMF
2-2: Ball
3-2: SOLO HOME RUN (Flyball, 7LD, EV 100.0 MPH), Distance : 372 ft
Batting: RHB Justin McGuire 0-0: Called Strike
0-1: Ball
1-1: Ball
2-1: Foul Ball, location: 2F
2-2: Strikes out looking
Bottom of the 3rd over - 1 run, 1 hit, 0 errors, 0 left on base; Omaha 2 - New Orleans 3
TOP OF THE 4TH
Omaha Storm Chasers batting - Pitching for New Orleans Zephyrs : RHP Adam Jones
Batting: LHB Dustin McCoy 0-0: Ball
1-0: Ball
2-0: Called Strike
2-1: Called Strike
2-2: Strikes out looking
Batting: RHB Trent Poynter 0-0: Called Strike
0-1: Ball
1-1: Ball
2-1: Foul Ball, location: 7LMF
2-2: SOLO HOME RUN (Flyball, 78XD, EV 112.5 MPH), Distance : 434 ft
Batting: RHB Tom Turnage 0-0: Ball
1-0: Foul Ball, location: 23F
1-1: Ball
2-1: Ground out 5-3 (Groundball, 56, EV 75.6 MPH)
Batting: SHB Brad Elliott 0-0: Fly out, F7 (Line Drive, 7S, EV 91.3 MPH)
Top of the 4th over - 1 run, 1 hit, 0 errors, 0 left on base; Omaha 3 - New Orleans 3
BOTTOM OF THE 4TH
New Orleans Zephyrs batting - Pitching for Omaha Storm Chasers : RHP Nate Wagner
Batting: LHB John Casco 0-0: Fly out, F8 (Flyball, 8LD, EV 89.4 MPH)
Batting: LHB Jason Strong 0-0: Ball
1-0: Swinging Strike
1-1: Fly out, F8 (Flyball, 8RD, EV 106.3 MPH)
Batting: RHB Jose Alegria 0-0: Ball
1-0: Ball
2-0: Ball
3-0: Swinging Strike
3-1: Base on Balls
Batting: RHB Tyler Ebert 0-0: Swinging Strike
0-1: Ball
1-1: Called Strike
1-2: Strikes out looking
Bottom of the 4th over - 0 runs, 0 hits, 0 errors, 1 left on base; Omaha 3 - New Orleans 3
TOP OF THE 5TH
Omaha Storm Chasers batting - Pitching for New Orleans Zephyrs : RHP Adam Jones
Batting: RHB David Bazley 0-0: Called Strike
0-1: Ball
1-1: Swinging Strike
1-2: Strikes out swinging
Pitching: RHP George Canup
Batting: RHB Bobby Sells 0-0: Called Strike
0-1: SINGLE (Line Drive, 4D, EV 103.8 MPH)
Batting: RHB Travis Bernsen 0-0: Called Strike
0-1: Foul Ball, location: 5FF
0-2: Ball
1-2: Foul Ball, location: 2F
1-2: Ball
2-2: Ball
3-2: Base on Balls
Bobby Sells to second
Batting: LHB Marquis Newkirk 0-0: Ball
1-0: Ball
2-0: Ball
3-0: Called Strike
3-1: Foul Ball, location: 7LDF
3-2: Foul Ball, location: 7LMFF
3-2: Base on Balls
Bobby Sells to third
Travis Bernsen to second
Batting: RHB Jayden Oden 0-0: Ball
1-0: Called Strike
1-1: Ball
2-1: Called Strike
2-2: Foul Ball, location: 2F
2-2: Strikes out swinging
Batting: LHB Dustin McCoy 0-0: Called Strike
0-1: Called Strike
0-2: Ball
1-2: Fly out, F7 (Flyball, 8LM, EV 83.8 MPH)
Top of the 5th over - 0 runs, 1 hit, 0 errors, 3 left on base; Omaha 3 - New Orleans 3
BOTTOM OF THE 5TH
New Orleans Zephyrs batting - Pitching for Omaha Storm Chasers : RHP Nate Wagner
Batting: RHB Bobby Palomo 0-0: SINGLE (Groundball, 4MD, EV 105.6 MPH)
Batting: LHB Moises Aguirre 0-0: Ball
1-0: Ball
2-0: Bunted foul
2-1: Bunt missed!
2-2: Fly out, F7 (Flyball, 7S, EV 86.9 MPH)
Batting: RHB Eric DiFazio 0-0: Ball
Bobby Palomo steals 2nd base
1-0: Foul Ball, location: 9LDF
1-1: Called Strike
1-2: SINGLE (Line Drive, 89S, EV 86.3 MPH)
Bobby Palomo to third
Batting: RHB Willie Amaro 0-0: Called Strike
0-1: Fielders Choice at 2nd, 4-6 (Groundball, 34, EV 83.1 MPH)
Bobby Palomo scores
Batting: RHB Justin McGuire 0-0: Ball
Willie Amaro steals 2nd base
1-0: Ball
2-0: Ball
3-0: Called Strike
3-1: Swinging Strike
3-2: Foul Ball, location: 7LDF
3-2: Foul Ball, location: 7LDF
3-2: Ground out 5-3 (Groundball, 56S, EV 87.5 MPH)
Bottom of the 5th over - 1 run, 2 hits, 0 errors, 1 left on base; Omaha 3 - New Orleans 4
TOP OF THE 6TH
Omaha Storm Chasers batting - Pitching for New Orleans Zephyrs : RHP George Canup
Batting: RHB Trent Poynter 0-0: Foul Ball, location: 7LMF
0-1: Foul Ball, location: 2F
0-2: Ball
1-2: Ball
2-2: Ball
3-2: SOLO HOME RUN (Flyball, 78XD, EV 111.3 MPH), Distance : 436 ft
Pinch Hitting: LHB Josh Noland 0-0: Foul Ball, location: 23FF
0-1: Ball
1-1: Called Strike
1-2: Foul Ball, location: 3F
1-2: DOUBLE (Line Drive, 7LM, EV 98.8 MPH)
Batting: SHB Brad Elliott 0-0: Ground out 6-3 (Groundball, 6S, EV 66.3 MPH)
Josh Noland to third
Batting: RHB David Bazley 0-0: Ball
1-0: Swinging Strike
1-1: Foul Ball, location: 2F
1-2: Ball
2-2: Foul Ball, location: 5F
2-2: Ball
3-2: Foul Ball, location: 7LMF
3-2: Foul Ball, location: 3SF
3-2: Fielders Choice at home, 5-2 (Groundball, 5L, EV 80.6 MPH)
Batting: RHB Bobby Sells 0-0: Called Strike
0-1: Ball
1-1: 2-RUN HOME RUN (Flyball, 7D, EV 95.6 MPH), Distance : 390 ft
Pitching: RHP Robert Martinez
Batting: RHB Travis Bernsen 0-0: Called Strike
0-1: Ball
1-1: Called Strike
1-2: Foul Ball, location: 25FF
1-2: Ball
2-2: Fly out, F6 (Flyball, 56D, EV 93.1 MPH)
Top of the 6th over - 3 runs, 3 hits, 0 errors, 0 left on base; Omaha 6 - New Orleans 4
BOTTOM OF THE 6TH
New Orleans Zephyrs batting - Pitching for Omaha Storm Chasers : RHP Nate Wagner
Now at 2B: Mark Thomas
Batting: LHB John Casco 0-0: Called Strike
0-1: Foul Ball, location: 7LMF
0-2: Fly out, F7 (Flyball, 7D, EV 111.3 MPH)
Batting: LHB Jason Strong 0-0: Called Strike
0-1: Foul Ball, location: 7LMF
0-2: Ball
1-2: Ball
2-2: Ball
3-2: Base on Balls
Batting: RHB Jose Alegria 0-0: Called Strike
0-1: Called Strike
0-2: Ball
1-2: Ball
2-2: Fielders Choice at 2nd, 1-6 (Groundball, 13S, EV 68.1 MPH)
Batting: RHB Tyler Ebert 0-0: Called Strike
0-1: Called Strike
0-2: Ball
1-2: Foul Ball, location: 2RF
1-2: Ball
2-2: Ball
3-2: Base on Balls
Jose Alegria to second
Batting: RHB Bobby Palomo 0-0: Ground out 1-3 (Groundball, 13S, EV 71.9 MPH)
Bottom of the 6th over - 0 runs, 0 hits, 0 errors, 2 left on base; Omaha 6 - New Orleans 4
TOP OF THE 7TH
Omaha Storm Chasers batting - Pitching for New Orleans Zephyrs : RHP Robert Martinez
Batting: LHB Marquis Newkirk 0-0: Ground out 5-3 (Groundball, 5S, EV 69.4 MPH)
Batting: RHB Jayden Oden 0-0: Ball
1-0: Ball
2-0: Ball
3-0: Called Strike
3-1: Called Strike
3-2: Fly out, F9 (Flyball, 9LS, EV 88.8 MPH)
Batting: LHB Dustin McCoy 0-0: Foul Ball, location: 7LSF
0-1: Ball
1-1: Foul Ball, location: 3F
1-2: Ground out 4-3 (Groundball, 4MD, EV 84.4 MPH)
Top of the 7th over - 0 runs, 0 hits, 0 errors, 0 left on base; Omaha 6 - New Orleans 4
BOTTOM OF THE 7TH
New Orleans Zephyrs batting - Pitching for Omaha Storm Chasers : RHP Nate Wagner
Now in LF: Gabe Murillo
Batting: LHB Moises Aguirre 0-0: Foul Ball, location: 2F
0-1: Foul Ball, location: 3FF
0-2: Foul Ball, location: 3SF
0-2: SINGLE (Groundball, 56D, EV 98.8 MPH)
Batting: RHB Eric DiFazio 0-0: Called Strike
0-1: Called Strike
0-2: Ball
1-2: Foul Ball, location: 9LDF
1-2: Ball
2-2: Strikes out looking
Pitching: LHP Jim Connell
Batting: RHB Willie Amaro 0-0: Grounds into double play, 5-4-3 (Groundball, 56S, EV 83.1 MPH)
Bottom of the 7th over - 0 runs, 1 hit, 0 errors, 0 left on base; Omaha 6 - New Orleans 4
TOP OF THE 8TH
Omaha Storm Chasers batting - Pitching for New Orleans Zephyrs : RHP Robert Martinez
Batting: RHB Trent Poynter 0-0: Ball
1-0: Swinging Strike
1-1: Foul Ball, location: 2F
1-2: Ball
2-2: Ball
3-2: Ground out 4-3 (Groundball, 4, EV 91.3 MPH)
Batting: RHB Mark Thomas 0-0: Ball
1-0: Swinging Strike
1-1: Ball
2-1: Ground out 4-3 (Groundball, 4, EV 90.0 MPH)
Batting: SHB Brad Elliott 0-0: Called Strike
0-1: Ground out 5-3 (Groundball, 56, EV 103.1 MPH)
Top of the 8th over - 0 runs, 0 hits, 0 errors, 0 left on base; Omaha 6 - New Orleans 4
BOTTOM OF THE 8TH
New Orleans Zephyrs batting - Pitching for Omaha Storm Chasers : LHP Jim Connell
Pitching: LHP Sean Robbins
Now at 1B: Dan Redmond
Batting: RHB Justin McGuire 0-0: Ball
1-0: Ball
2-0: Ball
3-0: Called Strike
3-1: Base on Balls
Pinch Hitting: RHB Josh Cole 0-0: Ball
1-0: Ball
2-0: Swinging Strike
2-1: Swinging Strike
2-2: Strikes out swinging
Batting: RHB Kento Asakura 0-0: Called Strike
0-1: Swinging Strike
0-2: Foul Ball, location: 2RF
0-2: Fielders Choice at 2nd, 1-4 (Groundball, 15S, EV 64.4 MPH)
Batting: RHB Jose Alegria 0-0: Called Strike
0-1: Ball
1-1: SINGLE (Line Drive, 3D, EV 105.6 MPH)
Kento Asakura to second
Batting: RHB Tyler Ebert 0-0: Called Strike
0-1: Called Strike
0-2: Ball
1-2: Foul Ball, location: 2F
1-2: Strikes out swinging
Bottom of the 8th over - 0 runs, 1 hit, 0 errors, 2 left on base; Omaha 6 - New Orleans 4
TOP OF THE 9TH
Omaha Storm Chasers batting - Pitching for New Orleans Zephyrs : RHP Robert Martinez
Now at 2B: Francisco Santana
Batting: RHB David Bazley 0-0: Ground out 6-3 (Groundball, 6, EV 83.1 MPH)
Batting: RHB Bobby Sells 0-0: Called Strike
0-1: Ball
1-1: SINGLE (Line Drive, 89S, EV 109.4 MPH)
Batting: RHB Gabe Murillo 0-0: Grounds into double play, 6-4-3 (Groundball, 6, EV 81.9 MPH)
Top of the 9th over - 0 runs, 1 hit, 0 errors, 0 left on base; Omaha 6 - New Orleans 4
BOTTOM OF THE 9TH
New Orleans Zephyrs batting - Pitching for Omaha Storm Chasers : LHP Sean Robbins
Batting: RHB Bobby Palomo 0-0: Foul Ball, location: 2F
0-1: SINGLE (Line Drive, 4D, EV 96.9 MPH)
Batting: LHB Moises Aguirre 0-0: Ball
1-0: Called Strike
1-1: Ball
2-1: Ball
3-1: Swinging Strike
3-2: Foul Ball, location: 7LMF
3-2: Strikes out swinging
Pitching: RHP Manuel Guillermo
Pinch Hitting: LHB Gareth Adams 0-0: Called Strike
0-1: Called Strike
0-2: Ball
1-2: Fly out, F2 (Popup, 15S, EV 92.5 MPH)
Batting: RHB Willie Amaro 0-0: Ball
1-0: Called Strike
1-1: Foul Ball, location: 7LDF
1-2: Foul Ball, location: 2F
1-2: Strikes out looking
Bottom of the 9th over - 0 runs, 1 hit, 0 errors, 1 left on base; Omaha 6 - New Orleans 4
Sunday, April 14th , 2024 - OOTP Baseball 24.11 Build 85